 Dungeon Crawl Stone Soup version 0.32-a0-540-g866d13106e (webtiles) character file.

Game seed: 427323802612250264

2433 Newt the Carver (level 9, -3/77 HPs)
             Began as a Barachi Fighter on Feb 28, 2024.
             Was a Believer of Okawaru.
             Slain by a warg (18 damage)
             ... on level 8 of the Dungeon.
             The game lasted 00:07:56 (8111 turns).

Newt the Carver (Barachi Fighter)                   Turns: 8111, Time: 00:07:57

Health: -3/77      AC: 12    Str: 26    XL:     9   Next: 48%
Magic:  9/9        EV:  9    Int:  9    God:    Okawaru [**....]
Gold:   245        SH:  4    Dex: 13    Spells: 8/8 levels left

rFire   + + .        A - +9 spear "Tutuin" {flame, rF+ Will+ rCorr SInv}
rCold   . . .        c - +0 buckler
rNeg    . . .        b - +0 scale mail
rPois   .            E - +0 helmet
rElec   .            f - +0 cloak
rCorr   +            p - +1 Delatra's gloves {ID++}
SInv    +            (no boots)
Will    +....        (no amulet) Stlth
                     t - +6 ring of strength
HPRegen 0.32/turn    h - ring of protection from fire
MPRegen 0.11/turn

%: no passive effects
@: slow
A: amphibious, slowness 1, strong legs 1, +LOS
a: Hop, Renounce Religion, Heroism


You were on level 8 of the Dungeon.
You worshipped Okawaru.
Okawaru was pleased with you.
You visited 1 branch of the dungeon, and saw 8 of its levels.

You collected 245 gold pieces.

Inventory:

Hand Weapons
 a - a +0 long sword
 y - a +1 falchion of electrocution
 A - the +9 spear "Tutuin" (weapon) {flame, rF+ Will+ rCorr SInv}
   (You found it on level 6 of the Dungeon)

   rF+:       It protects you from fire.
   Will+:     It increases your willpower.
   SInv:      It lets you see invisible.
   rCorr:     It protects you from acid and corrosion.
 H - a +2 falchion of protection
Missiles
 o - 10 poisoned darts
 v - 5 boomerangs
Armour
 b - a +0 scale mail (worn)
 c - a +0 buckler (worn)
 f - a +0 cloak (worn)
 p - the +1 Delatra's gloves (worn) {ID++}
   (You found it on level 2 of the Dungeon)

   ID++:      It heals its wearer when they drink unknown potions, and restores
   their MP when they read unknown scrolls.
 E - a +0 helmet (worn)
Jewellery
 h - a ring of protection from fire (right hand)
 i - a ring of protection from fire
 t - a +6 ring of strength (left hand)
 u - a ring of flight
Wands
 x - a wand of flame (21)
 G - a wand of iceblast (6)
Scrolls
 e - 2 scrolls of teleportation
 g - 2 scrolls of fear
 k - 2 scrolls of fog
 l - a scroll of torment
 m - 3 scrolls of poison
 q - 5 scrolls of immolation
 r - a scroll of vulnerability
 w - a scroll of silence {unknown}
 z - a scroll of enchant weapon {unknown}
 B - a scroll of blinking {unknown}
Potions
 d - a potion of mutation {unknown}
 j - a potion of resistance {unknown}
 n - a potion of enlightenment
 s - 2 potions of attraction
 C - 2 potions of heal wounds
 D - a potion of lignification {unknown}
 F - a potion of berserk rage {unknown}
 I - a potion of magic
 J - a potion of might


   Skills:
 + Level 9.4 Fighting
 - Level 11.0 Long Blades
 * Level 6.7 Armour
 - Level 3.2 Shields


You had 8 spell levels left.
You didn't know any spells.
Your spell library contained the following spells:

 Spells                   Type           Power      Damage    Failure   Level
 Lesser Beckoning         Tloc           0%         N/A       83%         2
 Gell's Gravitas          Tloc           0%         N/A       97%         3
 Teleport Other           Tloc           0%         N/A       97%         3
 Dispersal                Tloc           0%         N/A       100%        6
 Summon Small Mammal      Summ           Unusable   N/A       N/A         1
 Call Canine Familiar     Summ           Unusable   N/A       N/A         3
 Summon Blazeheart Golem  Fire/Summ      Unusable   N/A       N/A         4

Dungeon Overview and Level Annotations

Branches:
Dungeon (8/15)             Temple (0/1) D:6
   Lair: D:8-11

Altars:
Ashenzari
Cheibriados
Fedhas
Nemelex Xobeh
Okawaru
Qazlal
Sif Muna
Trog
Vehumet
Yredelemnul

Shops:
D:2 [   D:4 ?


Innate Abilities, Weirdness & Mutations

You are amphibious.
You cover ground slowly.
You can hop short distances.
You have an extended range of vision and can be seen from far away.


Message History

The orc priest shouts!
The orc shouts!
The wolf howls!
The orc shouts!
The yak bellows!
You hear a shout! x2
You block the wolf's attack.
The orc moves out of view.
An orc wizard comes into view. It is wielding a +0 dagger.
You hit the wolf. You burn the wolf.
The wolf is moderately wounded.
The orc hits the plant with a +0 dagger.
The orc priest looks braver for a moment.
You puncture the wolf! You burn the wolf.
The wolf is almost dead.
The wolf closely misses you. The warg barely misses you.
The wolf bites you but does no damage.
The orc priest invokes the aid of Beogh against you.
Beogh smites you! The warg bites you!
You hear a shout!
You hit the wolf. You burn the wolf.
You kill the wolf!
Okawaru accepts your kill.
A nearby plant withers and dies.
The warg bites you!
Unknown command.
You puncture the yak! You burn the yak.
The yak is moderately wounded.
The warg bites you. The yak gores you!
An orc wizard comes into view.
It is wielding a +1 dagger of electrocution.
The warg bites you!!
* * * LOW HITPOINT WARNING * * *
Unknown command.
The orc wizard gestures wildly while chanting.
The orc wizard flickers and vanishes for a moment.
An orc priest comes into view. It is wielding a +0 club.
The warg barely misses you. The warg bites you.
* * * LOW HITPOINT WARNING * * *
The warg bites you but does no damage. The warg bites you but does no damage.
The warg attacks as it pursues you! The warg barely misses you.
The warg bites you.
* * * LOW HITPOINT WARNING * * *
The warg bites you!!
You die...

#[##.###†.#
#.#...##Y#
#....h...+
#.#...#### #...Y##
#..#Y# ##.Y.#
##h## #+# #@# #.#
#.##########.#
#.#.....<....##
#.#.#######...##
#.#.# #.....###
#.#.#######...#...
#.......# #..#.#.#
###.###.###.###.##
#.............#


You could see 3 yaks, a warg and a wolf.

Vanquished Creatures
  Joseph (D:7)
  A water moccasin (D:7)
  An orc warrior (D:7)
  An ice beast (D:7)
  A sky beast (D:3)
  A centaur (D:5)
  A wolf (D:8)
  2 phantoms
  2 bullfrogs (D:7)
  A scorpion (D:6)
  A gnoll sergeant (D:5)
  A howler monkey (D:6)
  A hound (D:6)
  2 jellies
  4 orc priests
  3 bombardier beetles
  A gnoll bouda (D:7)
  A sleepcap (D:6)
  4 iguanas
  8 orc wizards
  18 gnolls
  13 adders
  2 ufetubi (D:6)
  4 dart slugs
  2 ribbon worms
  37 orcs
  5 endoplasms
  6 giant cockroaches
  5 hobgoblins
  6 jackals
  3 quokkas
  5 ball pythons
  4 bats
  2 frilled lizards
  5 goblins
  5 kobolds
  12 rats
172 creatures vanquished.

Notes
Turn   | Place    | Note
-------+----------+-------------------------------------------
     0 | D:1      | Newt the Barachi Fighter began the quest for the Orb.
     0 | D:1      | Reached XP level 1. HP: 18/18 MP: 1/1
   122 | D:1      | Reached skill level 3 in Long Blades
   131 | D:1      | Reached XP level 2. HP: 25/25 MP: 2/2
  1269 | D:2      | Reached XP level 3. HP: 24/30 MP: 3/3
  1482 | D:2      | Reached skill level 4 in Long Blades
  1617 | D:2      | Found a faded altar of an unknown god.
  1677 | D:2      | Found Dimaosh's Armour Shop.
  1687 | D:2      | Reached XP level 4. HP: 32/38 MP: 4/4
  1962 | D:2      | Found the +1 Delatra's gloves {ID++}
  2073 | D:3      | Found a basalt altar of Yredelemnul.
  2164 | D:3      | Found a broken altar of Ashenzari.
  2171 | D:3      | Reached skill level 5 in Long Blades
  2204 | D:3      | Found a stormy altar of Qazlal.
  2204 | D:3      | Noticed a sky beast
  2237 | D:3      | Killed a sky beast
  2238 | D:3      | Reached skill level 5 in Fighting
  2238 | D:3      | Reached XP level 5. HP: 31/44 MP: 5/5
  2313 | D:3      | Reached skill level 6 in Long Blades
  2322 | D:3      | Reached XP level 6. HP: 27/51 MP: 6/6
  3270 | D:3      | Found a sparkling altar of Nemelex Xobeh.
  3431 | D:4      | Found an iron altar of Okawaru.
  3460 | D:4      | Became a worshipper of Warmaster Okawaru
  3479 | D:4      | HP: 1/52 [gnoll/+0 spear (6)]
  3570 | D:4      | HP: 2/52 [iguana (8)]
  3574 | D:4      | Reached skill level 7 in Long Blades
  3808 | D:4      | Found a radiant altar of Vehumet.
  3914 | D:4      | Found Hugid's Magic Scroll Shop.
  4264 | D:5      | Entered Level 5 of the Dungeon
  4276 | D:4      | Reached XP level 7. HP: 50/58 MP: 7/7
  4517 | D:5      | Reached skill level 8 in Long Blades
  4735 | D:5      | Reached * piety under Okawaru
  5194 | D:5      | Found a snail-covered altar of Cheibriados.
  5261 | D:5      | Reached XP level 8. HP: 41/67 MP: 8/8
  5441 | D:6      | Reached skill level 9 in Long Blades
  5808 | D:6      | Identified the +9 spear "Tutuin" {flame, rF+ Will+ rCorr
                  | SInv}
  5940 | D:6      | Found a shimmering blue altar of Sif Muna.
  6133 | D:6      | Found a blossoming altar of Fedhas.
  6246 | D:6      | Reached skill level 10 in Long Blades
  6384 | D:6      | Found a staircase to the Ecumenical Temple.
  6735 | D:7      | Noticed a moth of wrath
  6738 | D:7      | Found a bloodstained altar of Trog.
  6829 | D:7      | Reached ** piety under Okawaru
  7043 | D:7      | Reached skill level 11 in Long Blades
  7070 | D:7      | Reached XP level 9. HP: 64/75 MP: 9/9
  7377 | D:7      | Reached skill level 5 in Armour
  7642 | D:7      | Noticed Joseph
  7654 | D:7      | Killed Joseph
  8111 | D:8      | Slain by a warg

Illustrated notes

Levels and vault maps discovered:
D:1:      dpeg_arrival_circle_labyrinth_c, layout_basic
D:2:      layout_basic, shapermc_ecumenical_altar_mp_vishouse, serial_shops,
          shop, pf_guarded_unrand_delatra
D:3:      layout_basic, nicolae_qazlal_beasts_of_the_sky,
          yredelemnul_altar_generic, overflow_temple_1_default,
          mainiacjoe_overflow_small_starburst
D:4:      layout_rooms, mainiacjoe_overflow_catwalk, marbit_many_paths,
          serial_shops, shop
D:5:      layout_rooms, slow_altar_2
D:6:      layout_basic, mainiacjoe_overflow_tiny_flanked,
          nicolae_overflow_hidden_temple, temple_green
D:7:      layout_basic, tgw_trog, uniq_joseph
D:8:      layout_loops_corners, erik_lair_orcish_takeover

Skill      XL: |  1  2  3  4  5  6  7  8  9 |
---------------+----------------------------+-----
Long Blades    | 3 4 5 6 7 8 11 | 11.0
Fighting       | 4 5 6 7 8 9 |  9.4
Armour         | 4 6 |  6.7
Shields        | |  3.2

Action                     |  1- 3 |  4- 6 |  7- 9 || total
---------------------------+-------+-------+-------++-------
  Melee: Long sword        |   101 |   235 |   213 ||   549
         Spear             |       |       |   122 ||   122
         Falchion          |       |       |    19 ||    19
    Use: Scroll            |     1 |     4 |     2 ||     7
         Potion            |       |     7 |     3 ||    10
 Armour: Scale mail        |    59 |   205 |   259 ||   523
  Dodge: Dodged            |    57 |    95 |   130 ||   282
  Block: Buckler           |    23 |    52 |    68 ||   143

Table legend: (Time is in decaauts)
 A = Elapsed time spent in this place.
 B = Non-inter-level travel time spent in this place.
 C = Inter-level travel time spent in this place.
 D = Time resting spent in this place.
 E = Time spent auto-exploring this place.
 F = Levels seen in this place.
 G = Mean time per level.
                   A        B        C        D        E       F      G
               +--------+--------+--------+--------+--------+-----+--------+
         Total |   9158 |   8850 |    308 |   1253 |   6171 |   8 | 1144.8 |
       Dungeon |   9158 |   8850 |    308 |   1253 |   6171 |   8 | 1144.8 |
               +--------+--------+--------+--------+--------+-----+--------+

Top non-repeatable levels by time:
     D:3: 1512 daAuts
     D:6: 1503 daAuts
     D:7: 1469 daAuts
     D:1: 1462 daAuts
     D:5: 1208 daAuts
     D:4: 991 daAuts
     D:2: 944 daAuts
     D:8: 64 daAuts
